 Dungeon Crawl Stone Soup version 0.29.1-15-g9cfb28693d (webtiles) character file.

Game seed: 5228324408463024369

4403 LLlMATKO the Fighter (level 10, -4/92 HPs)
             Began as a Minotaur Berserker on Apr 24, 2023.
             Was a Priest of Trog.
             Killed by divine providence
             ... invoked by an orc priest
              (9 damage)
             ... on level 9 of the Dungeon.
             The game lasted 00:06:56 (8723 turns).

LLlMATKO the Fighter (Minotaur Berserker)           Turns: 8723, Time: 00:06:57

Health: -4/92      AC: 14    Str: 24    XL:     10   Next: 14%
Magic:  9/9        EV: 10    Int:  4    God:    Trog [***...]
Gold:   508        SH:  0    Dex: 12    Spells: 9/9 levels left

rFire   . . .      SeeInvis .   b - +4 hand axe (elec)
rCold   . . .      Faith    .   (no shield)
rNeg    . . .      Spirit   .   L - +0 plate armour
rPois   .          Reflect  .   (helmet restricted)
rElec   .          Harm     .   y - scarf {+Inv}
rCorr   .          Rampage  .   (no gloves)
Will    +....                   (no boots)
Stlth   ..........              (no amulet)
HPRegen 0.25/turn               H - ring of willpower
MPRegen 0.11/turn               (no ring)

@: on berserk cooldown, slowed, very slow
A: horns 2, retaliatory headbutt
a: Renounce Religion, Evoke Invisibility, Berserk, Trog's Hand


You were on level 9 of the Dungeon.
You worshipped Trog.
Trog was most pleased with you.
You visited 1 branch of the dungeon, and saw 9 of its levels.

You collected 508 gold pieces.

Inventory:

Hand Weapons
 b - a +4 hand axe of electrocution (weapon)
 s - a +0 hand axe of flaming
 J - a -2 demon whip of venom
Missiles
 g - 7 javelins (quivered)
 i - 16 poisoned darts
 p - 7 boomerangs
 x - a throwing net
 D - 5 curare-tipped darts
 E - a silver boomerang
Armour
 y - a scarf of invisibility (worn)
 L - a +0 plate armour (worn)
Jewellery
 H - a ring of willpower (left hand)
Wands
 a - a wand of acid (7)
 r - a wand of charming (12)
Scrolls
 c - 11 scrolls of identify {unknown}
 e - 3 scrolls of butterflies {unknown}
 f - 3 scrolls of teleportation {unknown}
 j - a scroll of torment {unknown}
 l - 2 scrolls of summoning {unknown}
 n - a scroll of fear {unknown}
 t - a scroll of vulnerability {unknown}
 v - a scroll of immolation {unknown}
 w - 3 scrolls of amnesia {unknown}
 B - a scroll of blinking {unknown}
 C - a scroll of enchant weapon {unknown}
Potions
 d - 3 potions of degeneration {unknown}
 h - 3 potions of flight {unknown}
 k - 5 potions of curing {unknown}
 o - 2 potions of brilliance {unknown}
 q - a potion of attraction {unknown}
 u - a potion of haste {unknown}
 z - a potion of cancellation {unknown}
 A - a potion of might {unknown}
 F - 2 potions of heal wounds {unknown}
 G - a potion of ambrosia {unknown}
 I - a potion of resistance {unknown}
 K - 2 potions of mutation {unknown}


   Skills:
 + Level 9.6 Fighting
 + Level 9.6 Axes
 + Level 9.2 Armour
 + Level 8.4 Dodging


You had 9 spell levels left.
You didn't know any spells.
Your spell library was empty.

Dungeon Overview and Level Annotations

Branches:
Dungeon (9/15)             Temple (0/1) D:4             Orc (0/2) D:9
   Lair: D:8-11

Altars:
Ashenzari
Fedhas
Makhleb
Qazlal
Uskayaw
Vehumet
Wu Jian
Xom
Zin

Annotations:
D:3 2 transporters


Innate Abilities, Weirdness & Mutations

You have a pair of horns on your head.
You reflexively headbutt those who attack you in melee.


Message History

The orc wizard mumbles some strange words.
The orc wizard flickers and vanishes!
The very large slime creature hits you!!!
The shadow hits you.
You hear a shout! x2
You slash the very large slime creature!
You headbutt the very large slime creature!
The very large slime creature is heavily wounded.
You hit the shadow. Lightning courses through the shadow!
You hit the goblin zombie.
Unknown command.
You slash the very large slime creature!
Lightning courses through the very large slime creature!
You headbutt the very large slime creature!
The very large slime creature is severely wounded.
You barely miss the shadow. You slash the goblin zombie!
Lightning courses through the goblin zombie!
You destroy the goblin zombie!
Trog accepts your kill.
The centaur wields a +0 shortbow.
The centaur shoots an arrow.
The arrow closely misses you.
An orc priest comes into view. It is wielding a +4 mace.
The orc priest invokes the aid of Beogh against you.
Beogh smites you!
* * * LOW HITPOINT WARNING * * *
The very large slime creature hits you!!
* * * LOW HITPOINT WARNING * * *
An orc comes into view. It is wielding a +0 flail.
The shadow hits you!
* * * LOW HITPOINT WARNING * * *
You feel a strong urge to attack something.
Two slime creatures merge to form an enormous slime creature.
A shadow opens the door.
You feel your anger nearly subside.
You are no longer berserk.
You are exhausted.
You feel yourself slow down.
The orc priest calls down the wrath of Beogh upon you.
Beogh smites you!
You die...

#..## #.<# ...##
######'## .8...
#.......# $.....
#.......# ...ZZZ
#.......#
......##.$.....+
..ZZ.ZZ#.......#
..ZZ{Zo'Z...@..#
.ZZZZ8W.J......#
..ZZZcZ######+##


..ZZZZZ ....o.# ..o.ZZ ...... .8... oo.## You could see an enormous slime
creature, a shadow, a centaur, an orc priest, a goblin zombie, an orc zombie, an
ogre zombie, a troll zombie and an orc skeleton.

Vanquished Creatures
  Amaemon (D:8)
  An orange demon (D:8)
  An unseen horror zombie (D:9)
  Grinder (D:3)
  2 wyverns
  A steam dragon (D:8)
  3 water moccasins
  An orc warrior (D:8)
  A sky beast (D:6)
  A black bear (D:8)
  An ogre (D:5)
  2 centaurs
  2 phantoms
  A kobold brigand (D:6)
  3 bullfrogs
  A necrophage (D:4)
  A gnoll sergeant (D:5)
  4 scorpions
  2 wights (D:9)
  4 killer bees (D:7)
  2 howler monkeys (D:6)
  A centaur zombie (D:9)
  2 hounds
  A jelly (D:5)
  4 orc priests
  4 iguanas
  Ijyb (D:3)
  Terence (D:2)
  4 orc wizards
  A howler monkey zombie (D:9)
  Robin (D:3)
  5 gnolls (D:5)
  5 adders
  2 shadow imps
  2 white imps
  An ufetubus (D:5)
  2 worms (D:2)
  2 dart slugs
  25 orcs
  9 ball pythons
  7 bats
  3 endoplasms
  5 giant cockroaches
  6 goblins
  12 hobgoblins
  4 jackals (D:4)
  3 quokkas
  3 frilled lizards
  A goblin zombie (D:9)
  12 kobolds
  An orc skeleton (D:9)
  An orc zombie (D:9)
  4 rats
171 creatures vanquished.

Notes
Turn   | Place    | Note
-------+----------+-------------------------------------------
     0 | D:1      | LLlMATKO the Minotaur Berserker began the quest for the
                  | Orb.
     0 | D:1      | Reached XP level 1. HP: 19/19 MP: 0/0
   169 | D:1      | Reached XP level 2. HP: 27/27 MP: 1/1
   869 | D:2      | Found a faded altar of an unknown god.
   931 | D:2      | Reached XP level 3. HP: 18/33 MP: 2/2
  1244 | D:2      | Reached ** piety under Trog
  1643 | D:2      | Noticed Terence
  1657 | D:2      | Killed Terence
  1658 | D:2      | Reached XP level 4. HP: 6/40 MP: 3/3
  2137 | D:3      | Found a transporter.
  2138 | D:3      | Noticed Grinder
  2148 | D:3      | Killed Grinder
  2149 | D:3      | Reached skill level 5 in Fighting
  2149 | D:3      | Reached skill level 5 in Axes
  2149 | D:3      | Reached XP level 5. HP: 47/48 MP: 4/4
  2149 | D:3      | Reached XP level 6. HP: 55/56 MP: 5/5
  2295 | D:3      | Found a transporter.
  2449 | D:3      | Noticed Robin
  2459 | D:3      | Killed Robin
  2566 | D:3      | Noticed Ijyb
  2573 | D:3      | Killed Ijyb
  3382 | D:4      | Reached skill level 5 in Armour
  3382 | D:4      | Reached XP level 7. HP: 56/62 MP: 6/6
  3529 | D:4      | Found a staircase to the Ecumenical Temple.
  3965 | D:4      | Reached skill level 5 in Dodging
  4099 | D:5      | Entered Level 5 of the Dungeon
  4103 | D:5      | Found a broken altar of Ashenzari.
  4143 | D:5      | Reached *** piety under Trog
  4287 | D:5      | Reached XP level 8. HP: 59/71 MP: 7/7
  4630 | D:5      | Found a burning altar of Makhleb.
  4739 | D:5      | Found an ornate altar of the Wu Jian Council.
  5071 | D:6      | Found a hide-covered altar of Uskayaw.
  5637 | D:6      | Found an opulent altar of Gozag.
  5639 | D:6      | Found a blossoming altar of Fedhas.
  5639 | D:6      | Found a stormy altar of Qazlal.
  5641 | D:6      | Found a shimmering altar of Xom.
  5641 | D:6      | Found a shimmering altar of Xom.
  5641 | D:6      | Found a glowing silver altar of Zin.
  6384 | D:7      | Reached XP level 9. HP: 81/81 MP: 8/8
  7662 | D:8      | Noticed Amaemon
  7663 | D:8      | Noticed an orange demon
  7673 | D:8      | Killed Amaemon
  7675 | D:8      | Killed an orange demon
  8291 | D:8      | Found a radiant altar of Vehumet.
  8589 | D:9      | Reached XP level 10. HP: 91/91 MP: 9/9
  8709 | D:9      | Found a staircase to the Orcish Mines.
  8723 | D:9      | Killed from afar by an orc priest

Illustrated notes

Levels and vault maps discovered:
D:1:      noname_arrival_rooms_in_the_neighbourhood, layout_basic, st_stairs_11,
          corexii_leaking_fountain
D:2:      layout_basic, shapermc_ecumenical_altar_mp_ritualfount,
          roderic_lattice_a, minmay_heptomino_l4, uniq_terence
D:3:      gammafunk_steamed_eel, layout_basic, uniq_robin, uniq_grinder,
          uniq_ijyb
D:4:      layout_gridville, minmay_temple_entry_overgrown
D:5:      layout_rooms, mainiacjoe_overflow_alcove_4,
          mainiacjoe_overflow_surrounded_room, kennysheep_mini_moat,
          serial_bayou_pond_d
D:6:      layout_loops_corners, doesnt_xom_only_xom,
          mainiacjoe_overflow_24_doors, kennysheep_generic_room_14
D:7:      layout_loops_cross
D:8:      black_bear_nest_2, layout_loops_cross, lemuel_round_altar,
          uniq_amaemon
D:9:      layout_roguey, erik_lair_island, zombieorc2_lemuel, serial_undead,
          serial_undead_c, serial_undead_d, serial_undead_f, serial_undead_a,
          minmay_shop_mass

Skill      XL: |  1  2  3  4  5  6  7  8  9 |
---------------+----------------------------+-----
Axes           | 4 5 6 8 9 |  9.6
Fighting       | 4 5 6 8 9 |  9.6
Armour         | 3 4 5 6 7 9 |  9.2
Dodging        | 3 4 5 6 8 |  8.4

Action                   |  1- 3 |  4- 6 |  7- 9 | 10-12 || total
-------------------------+-------+-------+-------+-------++-------
Melee: Hand axe          |    86 |    87 |   219 |    13 ||   405
       Headbutt          |    10 |    10 |    29 |     4 ||    53
       Punch             |       |       |     4 |       ||     4
Throw: Javelin           |       |     2 |     4 |       ||     6
Invok: Berserk           |     2 |     1 |     4 |     1 ||     8
 Stab: Sleeping          |     2 |       |       |       ||     2
Armor: Animal skin       |    19 |       |       |       ||    19
       Chain mail        |       |    28 |    93 |       ||   121
       Plate armour      |       |       |     9 |     7 ||    16
Dodge: Dodged            |    57 |    19 |   112 |     1 ||   189
